 Dungeon Crawl Stone Soup version 0.29.1-13-g9f3cf754e1 (webtiles) character file.

Game seed: 10088697059063154501

27 flickminster the Insei (level 2, -4/21 HPs)
             Began as a Demonspawn Transmuter on Feb 5, 2023.
             Slain by a gnoll
             ... wielding a +0 whip
              (6 damage)
             ... on level 2 of the Dungeon.
             The game lasted 00:04:46 (1405 turns).

flickminster the Insei (Demonspawn Transmuter)      Turns: 1405, Time: 00:04:47

Health: -4/21      AC:  4    Str: 10    XL:     2   Next: 93%
Magic:  4/5        EV:  6    Int: 14    God:
Gold:   42         SH:  0    Dex: 13    Spells: 4/5 levels left

rFire   . . .      SeeInvis +   d - +0 short sword
rCold   . . .      Faith    .   (no shield)
rNeg    . . .      Spirit   .   l - +2 robe {Archmagi}
rPois   .          Reflect  .   (helmet currently unavailable)
rElec   .          Harm     .   (no cloak)
rCorr   .          Rampage  .   (no gloves)
Will    .....      Archmagi +   (boots currently unavailable)
Stlth   +.........              (no amulet)
HPRegen 0.07/turn               j - ring of see invisible
MPRegen 0.09/turn               (no ring)

@: appendages (expiring), held
A: horns 2, talons 2, large bone plates 1
a: End Transformation


You were on level 2 of the Dungeon.
You had temporarily grown beastly horns and talons.
You visited 1 branch of the dungeon, and saw 2 of its levels.

You collected 42 gold pieces.

Inventory:

Hand Weapons
 d - a +0 short sword (weapon)
Armour
 a - a +0 robe
 l - a +2 robe of the Archmagi (worn)
Jewellery
 j - a ring of see invisible (left hand)
Scrolls
 c - a scroll of brand weapon {unknown}
 g - 3 scrolls of identify {unknown}
 h - a scroll of vulnerability {unknown}
 k - a scroll of silence {unknown}
Potions
 b - a potion of lignification
 e - a potion of degeneration {unknown}
 f - a potion of berserk rage {unknown}
 i - a potion of attraction {unknown}
 m - a potion of resistance {unknown}
 n - a potion of curing {unknown}


   Skills:
 + Level 1.4 Fighting
 + Level 0.5 Short Blades
 + Level 2.1 Dodging
 + Level 2.9 Unarmed Combat
 + Level 2.1 Spellcasting
 + Level 2.1 Transmutations


You had 4 spell levels left.
You knew the following spells:

 Your Spells              Type           Power      Damage    Failure   Level
a - Beastly Appendage     Tmut           22%        N/A       10%         1

Your spell library contained the following spells:

 Spells                   Type           Power      Damage    Failure   Level
 Wereblood                Tmut           11%        N/A       16%         2
 Spider Form              Tmut/Pois      6%         N/A       41%         3
 Ice Form                 Ice/Tmut       6%         N/A       83%         4


Dungeon Overview and Level Annotations

Branches:
Dungeon (2/15)

Altars:


Innate Abilities, Weirdness & Mutations

You have temporarily grown beastly horns and talons.
You are partially covered in large bone plates. (SH +4)


Message History

You hit the gnoll. You claw the gnoll.
You kill the gnoll!
You see here a +0 club.
Your transformation is almost over.
Your horns disappear.
Your talons disappear.
There is an open door here.
Done exploring.
There is an open door here.
You see here a ball python skeleton.
There is a stone staircase leading down here.
You climb downwards.
The gnoll shouts! x2
Found an escape hatch in the floor.
There is a stone staircase leading up here.
The gnoll attacks as you move away! You block the gnoll's attack.
The gnoll shouts!
The gnoll throws a throwing net.
The throwing net hits you.
You become entangled in the net!
You see here a throwing net.
Casting: Beastly Appendage (safe; 10% risk of failure)
Confirm with . or Enter, or press ? or * to list all spells.
You feel a surge of power!
You grow a pair of large bovine horns.
Your feet morph into talons.
The gnoll hits you with a +0 whip.
You struggle against the net.
The gnoll hits you with a +0 whip. The gnoll barely misses you.
You struggle against the net.
Your transformation is almost over.
The gnoll hits you from afar with a +0 spear.
The gnoll barely misses you.
You struggle against the net.
The gnoll hits you with a +0 whip.
* * * LOW HITPOINT WARNING * * *
The gnoll completely misses you. The gnoll hits you but does no damage.
You struggle against the net.
The gnoll barely misses you.
The gnoll hits you from afar with a +0 spear.
* * * LOW HITPOINT WARNING * * *
The gnoll hits you but does no damage.
You struggle against the net.
The gnoll hits you but does no damage. The gnoll hits you with a +0 whip.
You die...

.## .. . ..##.
.... #..# ...#
##...##..
##g.......
#@.g..##..
.......g........
................
#.....####..##.#
.....> ...# #
#..... ..##
#.... ... ##...
.#


You could see 3 gnolls.

Vanquished Creatures
  A gnoll (D:1)
  2 endoplasms (D:1)
  A giant cockroach (D:1)
  A goblin (D:1)
  2 hobgoblins (D:1)
  A jackal (D:1)
  A kobold (D:1)
  2 quokkas (D:1)
  2 ball pythons (D:1)
  A frilled lizard (D:1)
  2 rats (D:1)
16 creatures vanquished.

Notes
Turn   | Place    | Note
-------+----------+-------------------------------------------
     0 | D:1      | flickminster the Demonspawn Transmuter began the quest for
                  | the Orb.
     0 | D:1      | Reached XP level 1. HP: 15/15 MP: 3/3
   412 | D:1      | Gained mutation: You are partially covered in large bone
                  | plates. (SH +4) [demonic ancestry]
   412 | D:1      | Reached XP level 2. HP: 14/21 MP: 5/5
  1405 | D:2      | Slain by a gnoll

Illustrated notes

Levels and vault maps discovered:
D:1:      sevenhm_arrival_forest_fort_small_3, layout_basic, dk_noncrumbling_4,
          minmay_heptomino_h4
D:2:      layout_basic, hellmonk_ecumenical_altar_crossroads,
          kennysheep_pointless_box

Skill      XL: |  1  2 |
---------------+-------+-----
Dodging        | 2 |  2.1
Transmutations | 2 |  2.1
Fighting       | |  1.4
Short Blades   | |  0.5
Unarmed Combat | |  2.9
Spellcasting   | |  2.1

Action                   || total
-------------------------++-------
Melee: Short sword       ||    64
       Unarmed           ||    12
       Kick              ||     6
       Headbutt          ||     3
       Punch             ||     1
 Cast: Beastly Appendage ||     8
Armor: Robe              ||    11
Dodge: Dodged            ||    54
Block: Other             ||     8
